AoeStats
← XxX

Nomad

509939712Analyzed
4v4 RM · 3d ago on Sep 28, 2026· 71m 55s· 8 players
Game mode
Random Map
Map size
231×231
Population
200
Speed
Normal
Resources
Standard
Victory
Conquest
Starting age
Dark Age
Ending age
Imperial Age
RankedLock teamsTeams togetherTeam positionsShared explorationLock speedFull tech treeHidden civsTurbo modeCheats
Victory
Defeat
🇩🇪 Shu · Germany
968
+14
🇩🇪 Spanish · Germany
965
+14
🇨🇴 Huns · Colombia
952
+14
🇩🇪 Persians · Germany
952
+14
🇹🇷 Burgundians · Türkiye
978
-16
🇹🇷 Portuguese · Türkiye
955
-16
🇹🇷 Franks · Türkiye
926
-14
🇹🇷 Mongols · Türkiye
816
-10
Jeanne d'Arc
7:00 Loom
16:10 Feudal Age
21:19 Castle Age
20:02 Double-Bit Axe
19:59 Horse Collar
20:12 Gold Mining
20:13 Stone Mining
23:13 Wheelbarrow
23:26 Heavy Plow
23:39 Bow Saw
24:06 Stone Shaft Mining
29:13 Imperial Age
28:50 Husbandry
30:58 Pikeman
34:46 Two-Man Saw
33:58 Cavalier
38:07 Elite Conquistador
40:03 Padded Archer Armor
41:12 Onager
47:03 Paladin
48:17 Scale Barding Armor
48:29 Leather Archer Armor
48:04 Fletching
48:05 Halberdier
48:45 Squires
59:28 Chain Barding Armor
59:39 Ring Archer Armor
59:10 Scale Mail Armor
60:52 Plate Barding Armor
66:14 Chain Mail Armor
66:09 Forging
cj23cajoga
7:10 Loom
17:12 Feudal Age
17:46 Fishing Lines
17:57 Horse Collar
18:20 Double-Bit Axe
18:46 Town Watch
19:29 Gold Mining
20:17 Man-at-Arms
21:19 Bloodlines
22:01 Wheelbarrow
22:44 Forging
22:40 Scale Barding Armor
28:03 Castle Age
26:50 Scale Barding Armor
27:20 Scale Mail Armor
28:54 Husbandry
28:55 Husbandry
29:44 Squires
29:29 Arson
31:46 Hand Cart
32:31 Gold Shaft Mining
31:46 Stone Mining
32:32 Gold Shaft Mining
34:39 Light Cavalry
40:34 Iron Casting
40:19 Chain Barding Armor
40:53 Gillnets
40:23 Demolition Ship
41:54 Chain Barding Armor
50:40 Murder Holes
51:11 Caravan
51:42 Coinage
52:20 Pikeman
58:59 Imperial Age
56:32 Town Patrol
59:53 Masonry
59:58 Capped Ram
61:17 Siege Ram
61:42 Cavalier
66:38 Blast Furnace
65:53 Chain Mail Armor
66:24 Plate Barding Armor
68:11 Paladin
ButterMyHead
7:40 Loom
13:44 Feudal Age
22:42 Castle Age
20:21 Man-at-Arms
23:57 Stone Mining
25:03 Wheelbarrow
25:37 Pikeman
42:14 Double-Bit Axe
44:28 Horse Collar
49:46 Imperial Age
48:28 Bow Saw
48:33 Heavy Plow
50:37 Halberdier
54:36 Two-Man Saw
56:42 Hand Cart
65:03 Town Watch
65:43 Bloodlines
65:33 Husbandry
64:54 Heavy Camel Rider
66:52 Gold Mining
67:38 Stone Shaft Mining
67:14 Elite Skirmisher
69:14 Fletching
69:30 Scale Barding Armor
69:35 Forging
69:25 Scale Mail Armor
70:34 Thumb Ring
71:08 Chain Barding Armor
70:44 Bodkin Arrow
70:14 Crossbowman
Gello426205
11:35 Loom
14:18 Feudal Age
14:59 Double-Bit Axe
16:48 Fishing Lines
22:05 Castle Age
19:58 Gold Mining
20:28 Stone Mining
24:29 Horse Collar
25:00 Bow Saw
25:09 Fletching
26:28 Heavy Plow
31:41 Coiled Serpent Array
35:43 Scale Mail Armor
38:10 Chain Mail Armor
38:53 Medium Warships
39:06 Forging
45:05 Squires
52:15 Gillnets
60:00 Imperial Age
60:33 Bodkin Arrow
61:11 Plate Mail Armor
60:03 Elite White Feather Guard
61:23 Wheelbarrow
61:47 Conscription
68:29 Gold Shaft Mining
72:28 Two-Man Saw
XxX
14:11 Feudal Age
16:36 Double-Bit Axe
16:36 Fishing Lines
21:55 Castle Age
24:25 Bow Saw
25:05 Loom
25:55 Wheelbarrow
25:06 Town Watch
25:18 Stone Mining
25:19 Gold Mining
28:06 Hand Cart
27:52 Town Patrol
27:49 Gillnets
28:50 Husbandry
29:01 Bloodlines
28:14 Light Cavalry
31:05 Arson
31:21 Squires
30:41 Pikeman
31:32 Scale Barding Armor
31:38 Forging
33:27 Nomads
34:03 Chain Barding Armor
36:16 Thumb Ring
45:15 Gold Shaft Mining
45:17 Stone Shaft Mining
45:42 Elite Skirmisher
49:26 Imperial Age
50:24 Heavy Camel Rider
53:59 Pikeman
54:37 Pikeman
57:58 Hussar
60:31 Elite Steppe Lancer
66:56 Conscription
66:04 Elite Mangudai
68:25 Padded Archer Armor
68:16 Fletching
69:02 Iron Casting
68:50 Ballistics
71:14 Parthian Tactics
tiirk
6:03 Loom
15:17 Feudal Age
21:30 Castle Age
20:50 Scale Barding Armor
22:23 Husbandry
23:04 Gold Mining
25:55 Forging
29:14 Iron Casting
30:30 Chain Barding Armor
34:22 Fletching
42:31 Imperial Age
41:05 Gold Shaft Mining
45:20 Cavalier
48:50 Plate Barding Armor
50:52 Conscription
51:58 Bodkin Arrow
55:39 Wheelbarrow
58:12 Paladin
60:00 Ballistics
59:51 Padded Archer Armor
60:57 Hand Cart
61:57 Leather Archer Armor
64:42 Elite Throwing Axeman
bLuStEr
5:21 Loom
10:49 Double-Bit Axe
14:19 Wheelbarrow
16:10 Feudal Age
14:25 Fishing Lines
14:41 Gold Mining
17:10 Hand Cart
17:07 Bow Saw
16:48 Town Watch
17:28 Gillnets
18:51 Gold Shaft Mining
22:57 Castle Age
21:49 Forging
22:21 Scale Barding Armor
23:42 Light Cavalry
24:23 Stone Mining
25:37 Two-Man Saw
25:00 Husbandry
25:37 Iron Casting
27:41 Chain Barding Armor
33:33 Cavalier
35:42 Crossbowman
40:32 Imperial Age
40:11 Murder Holes
41:04 Burgundian Vineyards
41:26 Ballistics
42:07 Conscription
43:24 Chemistry
44:51 Hussar
45:31 Elite Skirmisher
47:18 Plate Barding Armor
47:44 Blast Furnace
46:53 Fletching
48:43 Paladin
57:57 Hoardings
58:51 Bodkin Arrow
58:57 Scale Mail Armor
58:57 Padded Archer Armor
65:49 Bracer
65:50 Pikeman
66:30 Squires
RockNRolla
6:04 Loom
14:40 Feudal Age
15:12 Man-at-Arms
15:40 Arson
19:41 Fishing Lines
25:04 Gold Mining
28:14 Stone Mining
28:11 Double-Bit Axe
32:56 Castle Age
34:57 Bow Saw
37:48 Imperial Age
37:32 Ballistics
37:03 Heated Shot
37:53 Elite Organ Gun
39:43 Chemistry
39:59 Two-Man Saw
42:19 Stone Shaft Mining
43:37 Scale Mail Armor
43:47 Forging
43:01 Pikeman
43:27 Gambesons
45:05 Halberdier
47:39 Chain Mail Armor
48:00 Iron Casting
50:28 Light Cavalry
51:19 Bloodlines
54:42 Wheelbarrow
53:53 Town Watch
54:15 Husbandry
56:58 Cavalier
60:54 Padded Archer Armor
60:44 Fletching
61:21 Gillnets
61:50 Hand Cart
61:35 Town Patrol
66:05 Elite Skirmisher
Connection lost

Rejoining the realm…

Still unreachable

The connection could not be restored.

Session expired

The server has moved on; the page needs a fresh start.